 Dungeon Crawl Stone Soup version 0.22-a0-866-geee5034 (webtiles) character file.

10 Mgcat the Chopper (level 2, 18/20 HPs)
             Began as a Halfling Berserker on July 27, 2018.
             Was a Follower of Trog.
             Quit the game on level 1 of the Dungeon on July 28, 2018.
             The game lasted 00:02:50 (338 turns).

Mgcat the Chopper (Halfling Berserker)               Turns: 338, Time: 00:02:50

Health: 18/20      AC:  6    Str: 18    XL:     2   Next: 30%
Magic:  2/2        EV: 12    Int:  5    God:    Trog [*.....]
Gold:   0          SH:  0    Dex: 13    Spells: 1/1 levels left

rFire    . . .     SeeInvis .   a - +0 hand axe
rCold    . . .     Gourm    .   (shield restricted)
rNeg     . . .     Faith    .   e - +0 scale mail
rPois    .         Spirit   .   (no helmet)
rElec    .         Reflect  .   (no cloak)
rCorr    .         Harm     .   (no gloves)
MR       .....                  (no boots)
Stlth    ..........             (no amulet)
HPRegen  0.06/turn              (no ring)
MPRegen  0.08/turn              (no ring)

@: no status effects
A: small, mutation resistance 1
a: Berserk, Renounce Religion


You were on level 1 of the Dungeon.
You worshipped Trog.
Trog was aware of your devotion.
You were not hungry.

You visited 1 branch of the dungeon, and saw 1 of its levels.

Inventory:

Hand Weapons
 a - a +0 hand axe (weapon)
Armour
 b - a +0 animal skin
 e - a +0 scale mail (worn)
   (You found it on level 1 of the Dungeon)
Scrolls
 f - a scroll of fear {unknown}
Potions
 d - a potion of berserk rage {unknown}
 g - a potion of lignification {unknown}
 i - a potion of flight {unknown}
 j - a potion of curing {unknown}
Comestibles
 c - 2 rations
 h - 3 chunks of flesh {@w0}


   Skills:
 - Level 2.6 Fighting
 + Level 3.6 Axes
 - Level 2.1 Armour
 - Level 2.1 Dodging


You had one spell level left.
You didn't know any spells.
Your spell library was empty.

Dungeon Overview and Level Annotations

Branches:
Dungeon (1/15)

Altars:


Innate Abilities, Weirdness & Mutations

You are small and have problems with some larger weapons.
You are somewhat resistant to further mutation.


Message History

Your scale mail prevents you from hitting the bat.
The bat is moderately wounded.
The bat barely misses you. x2
You hit the bat.
You kill the bat!
Trog accepts your kill.
No target in view!
No target in view!
You butcher the bat corpse.
h - a chunk of flesh {@w0} You see here a bat skeleton. x2
i - a black potion A frilled lizard comes into view.
The frilled lizard hisses angrily.
A red film seems to cover your vision as you go berserk!
You feel yourself moving faster!
You feel mighty!
You feel a lot more hungry. The frilled lizard closely misses you.
You closely miss the frilled lizard. The frilled lizard misses you.
You miss the frilled lizard.
The frilled lizard completely misses you.
You miss the frilled lizard.
The frilled lizard bites you but does no damage.
You closely miss the frilled lizard. You closely miss the frilled lizard.
The frilled lizard barely misses you.
You slash the frilled lizard!
You kill the frilled lizard!
Trog accepts your kill.
You feel a strong urge to attack something.
You feel your anger nearly subside.
You are no longer berserk.
You are exhausted.
You feel yourself slow down.
A kobold comes into view.
The kobold shouts!
You see here a ruby potion.
A giant cockroach comes into view.
The kobold barely misses you.
You completely miss the kobold. The kobold closely misses you. x2
You completely miss the kobold. The kobold hits you but does no damage.
You hit the kobold but do no damage. The kobold misses you.
The kobold hits you but does no damage.
You barely miss the kobold. The kobold hits you. The kobold closely misses you.
You hit the kobold.
You kill the kobold!
Trog accepts your kill. The giant cockroach bites you.
You barely miss the giant cockroach. The giant cockroach closely misses you.
The giant cockroach barely misses you.
You slash the giant cockroach!
You kill the giant cockroach!
Trog accepts your kill.
You have reached level 2!
Things that are here:
a giant cockroach corpse; a kobold corpse You butcher the giant cockroach corpse.
h - 2 chunks of flesh {@w0} (gained 1)
You see here a kobold corpse. x2
You feel yourself speed up.
j - a ruby potion You see here a kobold corpse.
You recover from your berserk rage.
A hobgoblin comes into view. It is wielding a club.
The hobgoblin hits you but does no damage.
You completely miss the hobgoblin. The hobgoblin barely misses you.
You closely miss the hobgoblin. The hobgoblin closely misses you.
You hit the hobgoblin but do no damage. The hobgoblin barely misses you.
You completely miss the hobgoblin.
The hobgoblin hits you but does no damage.
You hit the hobgoblin.
You kill the hobgoblin!
Trog accepts your kill.
No target in view!
No target in view!
You see here a club. 2 rats come into view.
The rat moves out of view.
The rat bites you but does no damage.
You hit the rat.
You kill the rat!
Trog accepts your kill.
You barely miss the rat. The rat closely misses you.
You hit the rat.
You kill the rat!
Trog accepts your kill.
No target in view!
No target in view!
You butcher the rat corpse.
h - 3 chunks of flesh {@w0} (gained 1)
A rat comes into view.
You see here 10 gold pieces.
You closely miss the rat. The rat bites you.
You hit the rat.
You kill the rat!
Trog accepts your kill.
No target in view!
No target in view!
Saving game... please wait.
Welcome back, Mgcat the Halfling Berserker.
Trog says: Kill them all!
Press ? for a list of commands and other information.
Are you sure you want to abandon this character and quit the game? (Confirm with "yes".)

#........ #)...... ...(...
..... .... #...# .# #
#.#†# #.# #.#.#@# #.#
#.#.#$# #.# #.....# #.#
#.....# #.# ###
#.....###.# #.####
#.#.......# ###...####
#.###.###.###....≈....
#.....# #.##..#....≈≈≈
#############.##.###...≈≈≈


There were no monsters in sight!

Vanquished Creatures
  A leopard gecko (D:1)
  A bat (D:1)
  A giant cockroach (D:1)
  A hobgoblin (D:1)
  A kobold (D:1)
  A frilled lizard (D:1)
  3 rats (D:1)
9 creatures vanquished.

Notes
Turn   | Place    | Note
-------+----------+-------------------------------------------
     0 | D:1      | Mgcat the Halfling Berserker began the quest for the Orb.
     0 | D:1      | Reached XP level 1. HP: 15/15 MP: 1/1
     0 | D:1      | Upgraded the game from 0.22-a0-858-g985ef60 to 0.22-a0-866-geee5034
   258 | D:1      | Reached XP level 2. HP: 16/20 MP: 2/2
   338 | D:1      | Quit the game

Vault maps used:
D:1:      dpeg_arrival_subterranean_lakeside_camping

Action                   || total
-------------------------++-------
Melee: Hand axe          ||    32
Invok: Berserk           ||     1
Armor: Scale mail        ||    10
Dodge: Dodged            ||    25

Table legend:
 A = Spawn XP
 B = Non-spawn XP
 C = Spawn XP percentage of total XP
 D = Spawn monster count
 E = Non-spawn monster count
 F = Spawn count percentage of total count
 G = Total turns spent on level
                    A         B        C        D         E        F      G
               +---------+---------+-------+---------+---------+-------+---------
         Total |       0 |      15 |   0.0 |       0 |       9 |   0.0 |   338
               +---------+---------+-------+---------+---------+-------+---------
           D:1 |       0 |      15 |   0.0 |       0 |       9 |   0.0 |   338
               +---------+---------+-------+---------+---------+-------+---------

Vault maps used:
D:1:      dpeg_arrival_subterranean_lakeside_camping

Table legend:
 A = Turns spent in this place as a percentage of turns spent in the entire game.
 B = Non-inter-level travel turns spent in this place as a percentage of non-inter-level travel turns spent in the entire game.
 C = Inter-level travel turns spent in this place as a percentage of turns spent in this place.
 D = Turns resting spent in this place as a percentage of non-inter-level travel turns spent in this place.
 E = Turns spent auto-exploring this place as a percentage of non-inter-level travel turns spent in this place.
 F = Non-inter-level travel turns spent in this place divided by the number of levels of this place that you've seen.
                   A       B       C       D       E      F
               +-------+-------+-------+-------+-------+----------------------
         Total | 100.0 | 100.0 |   3.3 |   0.0 |  77.1 | 327.0
       Dungeon | 100.0 | 100.0 |   3.3 |   0.0 |  77.1 | 327.0
               +-------+-------+-------+-------+-------+----------------------

Table legend:
 A = Kills in this place as a percentage of kills in entire the game.
 B = Kills by you in this place as a percentage of kills by you in the entire game.
 C = Kills by friends in this place as a percentage of kills by friends in the entire game.
 D = Other kills in this place as a percentage of other kills in the entire game.
 E = Experience gained in this place as a percentage of experience gained in the entire game.
 F = Experience gained in this place divided by the number of levels of this place that you have seen.
                   A       B       C       D       E      F
               +-------+-------+-------+-------+-------+----------------------
         Total | 100.0 | 100.0 |   N/A |   N/A | 100.0 |  15.0
       Dungeon | 100.0 | 100.0 |   N/A |   N/A | 100.0 |  15.0
               +-------+-------+-------+-------+-------+----------------------
